 Dungeon Crawl Stone Soup version 0.31-a0-259-g771a54ca4b (webtiles) character file.

Game seed: 9236213219480474565

813 qw the Skirmisher (level 7, -1/61 HPs)
             Began as a Minotaur Hexslinger on July 13, 2023.
             Was an Initiate of Okawaru.
             Slain by an ogre
             ... wielding a +0 giant club
              (32 damage)
             ... on level 5 of the Dungeon.
             The game lasted 00:01:38 (3640 turns).

qw the Skirmisher (Minotaur Hexslinger)             Turns: 3640, Time: 00:01:39

Health: -1/61      AC:  7    Str: 16    XL:     7   Next: 61%
Magic:  7/7        EV: 16    Int:  9    God:    Okawaru [......]
Gold:   277        SH:  0    Dex: 14    Spells: 7/8 levels left

rFire   . . .        k - +0 shortbow
rCold   . . .        (shield currently unavailable)
rNeg    . . .        a - +0 ring mail
rPois   .            (helmet restricted)
rElec   .            (no cloak)
rCorr   .            o - +0 pair of gloves
SInv    .            h - +0 pair of boots
Will    .....        (no amulet)
Stlth   +            m - +5 ring of evasion
HPRegen 0.30/turn    (no ring)
MPRegen 0.10/turn

%: no passive effects
@: no status effects
A: horns 2, retaliatory headbutt, screaming 1, strong 1, evolution 1
a: Renounce Religion


You were on level 5 of the Dungeon.
You worshipped Okawaru.
Okawaru was noncommittal.
You visited 2 branches of the dungeon, and saw 6 of its levels.

You collected 277 gold pieces.


Innate Abilities, Weirdness & Mutations

You have a pair of horns on your head.
You reflexively headbutt those who attack you in melee.
You occasionally shout uncontrollably at your foes.
Your muscles are strong. (Str +4, Int/Dex -1)
You have hidden genetic potential.


   Skills:
 - Level 5.1 Fighting
 + Level 8.1 Ranged Weapons
 - Level 2.0 Armour
 - Level 2.1 Dodging
 - Level 1.0 Spellcasting
 - Level 2.0 Hexes


You had 7 spell levels left.
You knew the following spells:

 Your Spells              Type           Power      Damage    Failure   Level
a - Slow                  Hex            16%        N/A       30%         1

Your spell library contained the following spells:

 Spells                   Type           Power      Damage    Failure   Level
 Inner Flame              Hex/Fire       2%         N/A       80%         3
 Portal Projectile        Hex/Tloc       4%         N/A       80%         3
 Cause Fear               Hex            2%         N/A       96%         4

Inventory:

Hand Weapons
 k - a +0 shortbow (weapon)
Armour
 a - a +0 ring mail (worn)
 h - a +0 pair of boots (worn)
 o - a +0 pair of gloves (worn)
Jewellery
 m - a +5 ring of evasion (left hand)
Scrolls
 g - 2 scrolls of teleportation
 n - 2 scrolls of identify
Potions
 b - a potion of attraction {unknown}
 c - a potion of heal wounds {unknown}
 d - a potion of mutation
 e - 2 potions of curing
 f - a potion of might
 i - a potion of ambrosia {unknown}
 j - a potion of degeneration {unknown}
 l - a potion of enlightenment

Dungeon Overview and Level Annotations

Branches:
Dungeon (5/15)             Temple (1/1) D:4

Altars:
Ashenzari
Cheibriados
Elyvilon
Fedhas
Hepliaklqana
Kikubaaqudgha
Makhleb
Okawaru
Ru
Sif Muna
Uskayaw
Vehumet
Wu Jian
Xom
Yredelemnul
Zin
The Shining One

Annotations:
D:4 1 transporter, qw's ghost, amateur GrHs


Message History

The ogre moves out of view.
Enter note:
Enter note:
Enter note:
Enter note:
Enter note:
Enter note:
Enter note:
Enter note:
Enter note:
Enter note:
Enter note:
Enter note:
Enter note: An ogre is nearby!
You shoot an arrow. The arrow hits the ogre.
The ogre is lightly wounded.
You shoot an arrow. The arrow hits the ogre.
The ogre is moderately wounded.
You shoot an arrow. The arrow barely misses the ogre.
You shoot an arrow. The arrow hits the ogre.
The ogre is moderately wounded.
You shoot an arrow. The arrow completely misses the ogre.
The ogre closely misses you. You furiously retaliate!
You headbutt the ogre, but do no damage.
You shoot an arrow. The arrow hits the ogre!
The ogre is heavily wounded.
The ogre barely misses you.
You shoot an arrow. The arrow hits the ogre!
The ogre is almost dead.
You shoot an arrow. The arrow completely misses the ogre.
The ogre hits you with a +0 giant club!!
You shoot an arrow. The arrow hits the ogre.
The ogre is almost dead.
The ogre hits you with a +0 giant club.
You shoot an arrow. The arrow hits the ogre.
The ogre is almost dead.
The ogre hits you with a +0 giant club!!
Ouch! That really hurt!
You die...

.....#..#......###.####.........#
'###+#..#.......#...............#
.....#..#...>...#............%#.#
##+##+##+......##..........<.....
..#.....#..............##.#......
..#.....#....##........##........
##'##'###.##..#..................
.......#...#.....................
................@................
................O.#..............
.....#............# ..........##
#....#............# ..........
#.#.....#......##... ..........
##............## .##. #....#...#
##............ .. . ....##....
..#......... ... ....#.....
........##


You could see an ogre.

Vanquished Creatures
  Sigmund (D:2)
  A scorpion (D:4)
  5 hounds
  2 orc priests
  A gnoll bouda (D:4)
  An orc wizard (D:4)
  Natasha (D:2)
  2 iguanas
  Terence (D:2)
  5 gnolls (D:4)
  10 adders
  A river rat (D:5)
  2 worms
  A dart slug (D:1)
  8 orcs
  3 ball pythons
  3 bats
  10 endoplasms
  5 giant cockroaches
  11 goblins
  7 hobgoblins
  2 jackals (D:1)
  6 quokkas
  5 frilled lizards
  7 kobolds
  7 rats
108 creatures vanquished.

Notes
Turn   | Place    | Note
-------+----------+-------------------------------------------
     0 | D:1      | qw the Minotaur Hexslinger began the quest for the Orb.
     0 | D:1      | Reached XP level 1. HP: 16/16 MP: 1/1
     0 | D:1      | 0 ||| qw: Version: 0.3-a-52-g30416fa
     0 | D:1      | 0 ||| qw: Game counter: 6871
     0 | D:1      | 0 ||| qw: Melee chars always use a shield: true
     0 | D:1      | 0 ||| qw: God list: Okawaru
     0 | D:1      | 0 ||| qw: Allow faded altars: false
     0 | D:1      | 0 ||| qw: Do Orc after clearing Dungeon:15 true
     0 | D:1      | 0 ||| qw: Do second Lair branch before Depths: true
     0 | D:1      | 0 ||| qw: Lair rune preference: random
     0 | D:1      | 0 ||| qw: Goals: Normal
     0 | D:1      | 0 ||| PLANNING D:1-11
    49 | D:1      | Found a faded altar of an unknown god.
    74 | D:1      | Reached skill level 3 in Ranged Weapons
   105 | D:1      | Reached XP level 2. HP: 23/23 MP: 2/2
   539 | D:1      | Reached XP level 3. HP: 29/29 MP: 3/3
   708 | D:1      | 708 ||| DROPPING amulet of magic regeneration.
   709 | D:1      | 709 ||| READING scroll labelled ZEURIE MOPSOQAJU.
   710 | D:1      | 710 ||| READING scroll labelled QEM BIAMANN.
   711 | D:1      | 711 ||| DROPPING scroll of poison.
  1020 | D:2      | Noticed Terence
  1024 | D:2      | Killed Terence
  1025 | D:2      | Reached skill level 4 in Ranged Weapons
  1038 | D:2      | Reached XP level 4. HP: 36/36 MP: 4/4
  1382 | D:2      | Noticed Sigmund
  1384 | D:2      | 1384 ||| Stepping ~*~*~tactically~*~*~ (outnumbered).
  1394 | D:2      | Killed Sigmund
  1394 | D:2      | HP: 8/36 [adder (2)]
  1395 | D:2      | Reached skill level 6 in Ranged Weapons
  1395 | D:2      | Reached XP level 5. HP: 9/41 MP: 5/5
  1399 | D:2      | HP: 4/41 [poisoned by an adder]
  1824 | D:2      | Reached XP level 6. HP: 50/50 MP: 6/6
  1856 | D:2      | Noticed Natasha
  1865 | D:2      | Killed Natasha
  1874 | D:2      | 1874 ||| UPGRADING to +0 ring mail.
  1884 | D:2      | 1884 ||| DROPPING +0 robe.
  1885 | D:2      | 1885 ||| UPGRADING to +0 pair of boots.
  1890 | D:2      | 1890 ||| READING scroll labelled IKEAXY QONKU.
  1891 | D:2      | 1891 ||| READING 2 scrolls labelled PEECAR SEVIKK.
  1896 | D:2      | 1896 ||| READING scroll labelled LAOCKI ETOHA.
  1897 | D:2      | 1897 ||| READING scroll labelled YSYCIM ROLEYNA.
  2021 | D:3      | Reached skill level 1 in Armour
  2030 | D:3      | Reached skill level 3 in Fighting
  2254 | D:3      | 2254 ||| DRINKING 3 green potions.
  2534 | D:3      | 2534 ||| UPGRADING to +5 ring of evasion.
  2535 | D:3      | 2535 ||| READING scroll labelled LERUUH JOMOWY.
  2536 | D:3      | 2536 ||| READING scroll labelled HOANLE WIMAMM.
  2537 | D:3      | 2537 ||| READING scroll labelled NACZOI GIESTRY.
  2538 | D:3      | 2538 ||| DRINKING 2 smoky red potions.
  2539 | D:3      | 2539 ||| DROPPING potion of invisibility.
  2575 | D:4      | Reached skill level 7 in Ranged Weapons
  2580 | D:4      | Found a staircase to the Ecumenical Temple.
  2582 | D:4      | 2582 ||| PLANNING TEMPLE
  2582 | D:4      | 2582 ||| READING scroll labelled TIMOCW YDONIWO.
  2591 | Temple   | Entered the Ecumenical Temple
  2591 | Temple   | Found a transporter.
  2591 | Temple   | Found a transporter.
  2593 | Temple   | Found a transporter.
  2593 | Temple   | Found a transporter.
  2603 | Temple   | 2603 ||| PLANNING D:1-11
  2618 | Temple   | 2618 ||| PLANNING OKAWARU WORSHIP
  2622 | Temple   | Became a worshipper of Warmaster Okawaru
  2623 | Temple   | 2623 ||| PLANNING D:1-11
  2663 | D:4      | Reached XP level 7. HP: 53/59 MP: 7/7
  2748 | D:4      | 2748 ||| SWAPPING to +0 shortbow.
  2752 | D:4      | 2752 ||| DROPPING +2 sling of chaos.
  2782 | D:4      | Found Luhy's Luxury Loot.
  2851 | D:4      | Found an ancient bone altar of Kikubaaqudgha.
  2852 | D:4      | Found a burning altar of Makhleb.
  2864 | D:4      | 2864 ||| FLEEEEING.
  2865 | D:4      | 2865 ||| FLEEEEING.
  2866 | D:4      | 2866 ||| FLEEEEING.
  2867 | D:4      | 2867 ||| FLEEEEING.
  2869 | D:4      | 2869 ||| FLEEEEING.
  2870 | D:4      | 2870 ||| FLEEEEING.
  2871 | D:4      | 2871 ||| FLEEEEING.
  2872 | D:4      | 2872 ||| FLEEEEING.
  2875 | D:4      | 2875 ||| FLEEEEING.
  2876 | D:4      | 2876 ||| STAIRDANCE
  2905 | D:3      | 2905 ||| DRINKING 2 viscous grey potions.
  2910 | D:4      | 2910 ||| STAIRDANCE
  2933 | D:4      | Reached skill level 8 in Ranged Weapons
  2970 | D:4      | Found a glowing golden altar of the Shining One.
  3242 | D:4      | Identified the +7 giant spiked club "Kunuyt" {vamp, rC+
                  | Int+3}
  3243 | D:4      | Found a transporter.
  3243 | D:4      | Noticed qw's ghost (amateur GrHs)
  3311 | D:4      | 3311 ||| UPGRADING to +0 pair of gloves.
  3316 | D:4      | 3316 ||| DRINKING 2 murky puce potions.
  3316 | D:4      | Gained mutation: You occasionally shout uncontrollably at
                  | your foes. [potion of mutation]
  3316 | D:4      | Gained mutation: You have hidden genetic potential. [potion
                  | of mutation]
  3316 | D:4      | Gained mutation: Your muscles are strong. (Str +4, Int/Dex
                  | -1) [potion of mutation]
  3317 | D:4      | 3317 ||| DRINKING 2 pink potions.
  3332 | D:5      | Entered Level 5 of the Dungeon
  3333 | D:5      | 3333 ||| PLANNING SEWER
  3342 | D:5      | Found a hazy altar of Hepliaklqana.
  3640 | D:5      | Slain by an ogre

Levels and vault maps discovered:
D:1:      tekkud_arrival_beachfront_property, layout_basic,
          ebering_ecumenical_altar_sacrificial,
          nicolae_concentric_dashed_squares_wild, minmay_heptomino_l4
D:2:      layout_basic, minmay_split_cup_small, uniq_sigmund, uniq_natasha,
          uniq_terence
D:3:      layout_loops_cross, due_unseen_surprise
D:4:      layout_loops_ring, mainiacjoe_overflow_cross_hatched,
          nicolae_overflow_squiral, minmay_temple_entry_glass,
          gammafunk_ghost_smash, nicolae_alphabet_shops
D:5:      layout_cave_pools, mainiacjoe_overflow_24_doors, gup_sewer_entry_bowl,
          serial_shops, nicolae_book_shop_shelving, nicolae_shop_clearance
Temple:   hellmonk_temple_divided_pantheon

Skill      XL: |  1  2  3  4  5  6  7 |
---------------+----------------------+-----
Ranged Weapons | 3 4 6 7 8 |  8.1
Fighting       | 2 4 5 |  5.1
Armour         | 1 2 |  2.0
Dodging        | |  2.1
Spellcasting   | |  1.0
Hexes          | |  2.0

Action                     |  1- 3 |  4- 6 |  7- 9 || total
---------------------------+-------+-------+-------++-------
   Fire: Sling             |    90 |   137 |     7 ||   234
         Shortbow          |       |       |   109 ||   109
    Use: Scroll            |     2 |     8 |       ||    10
         Potion            |       |     2 |     3 ||     5
 Armour: Robe              |     5 |     5 |       ||    10
         Ring mail         |       |    10 |    14 ||    24
  Dodge: Dodged            |     5 |    37 |    50 ||    92

Table legend:
 A = Non-vault XP
 B = Vault XP
 C = Vault XP percentage of total XP
 D = Non-vault monster count
 E = Vault monster count
 F = Vault count percentage of total count
                 A         B        C        D         E       F
            +---------+---------+-------+---------+---------+-------
      Total |     855 |     307 |  26.4 |      94 |      14 |  13.0
            +---------+---------+-------+---------+---------+-------
        D:1 |      44 |       6 |  12.0 |      24 |       4 |  14.3
        D:2 |      87 |     283 |  76.5 |      17 |       6 |  26.1
        D:3 |      99 |       0 |   0.0 |      22 |       0 |   0.0
        D:4 |     411 |       0 |   0.0 |      25 |       0 |   0.0
        D:5 |     214 |      18 |   7.8 |       6 |       4 |  40.0
            +---------+---------+-------+---------+---------+-------
